 Dungeon Crawl Stone Soup version 0.25-a0-781-gc44aebf4fe (webtiles) character file.

Game seed: 14815796978971420732, levelgen mode: deterministic

167635 DavidChitty2 the Severer (level 17, -6/162 HPs)
             Began as a Minotaur Fighter on Apr 15, 2020.
             Was an Initiate of Gozag.
             Mangled by a spark wasp (8 damage)
             ... on level 4 of the Spider Nest.
             The game lasted 00:59:04 (28457 turns).

DavidChitty2 the Severer (Minotaur Fighter)        Turns: 28457, Time: 00:59:05

Health: -6/162     AC: 27    Str: 26    XL:     17   Next: 32%
Magic:  10/20      EV: 10    Int:  5    God:    Gozag
Gold:   3150       SH: 27    Dex: 12    Spells: 16/16 levels left

rFire    + . .     SeeInvis .   a - +1 war axe (freeze)
rCold    + + .     Gourm    .   V - +0 tower shield
rNeg     + . .     Faith    .   z - +1 plate armour {rC+}
rPois    +         Spirit   .   K - -2 hat of the Alchemist {rElec rPois rF+ rC+ rN+ MR+ rMut rCorr}
rElec    +         Reflect  +   C - +0 cloak
rCorr    +         Harm     .   W - +1 pair of gloves
rMut     +                      G - +0 pair of boots
MR       +++..                  o - +5 amulet of reflection
Stlth    ..........             l - ring of protection from magic
HPRegen  0.37/turn              I - +4 ring of protection
MPRegen  0.17/turn

@: about to teleport
A: retaliatory headbutt, horns 2
a: Potion Petition, Call Merchant, Bribe Branch, Renounce Religion


You were on level 4 of the Spider Nest.
You worshipped Gozag.
Gozag was most pleased with you.
You were very hungry.

You visited 4 branches of the dungeon, and saw 27 of its levels.
You also visited: Sewer, Gauntlet and Ice Cave.

You collected 11893 gold pieces.
You spent 3537 gold pieces at shops.
You paid 5206 gold pieces to Gozag.

Inventory:

Hand Weapons
 a - a +1 war axe of freezing (weapon)
 b - the +5 hand axe of the Countless Shrikes {flame, rF+ rN+}
   (You bought it in a shop on level 2 of the Orcish Mines)

   It has been specially enchanted to burn those struck by it, causing extra
   injury to most foes and up to half again as much damage against particularly
   susceptible opponents.
   Big, fiery blades are also staple armaments of hydra-hunters.
   It protects you from fire.
   It protects you from negative energy.
Missiles
 n - 2 throwing nets (quivered) {!f}
Armour
 z - a +1 plate armour of cold resistance (worn)
   (You took it off a vault guard on level 13 of the Dungeon)
 C - a +0 cloak (worn)
   (You found it on level 5 of the Dungeon)
 G - a +0 pair of boots (worn)
   (You found it on level 6 of the Dungeon)
 K - the -2 hat of the Alchemist (worn) {rElec rPois rF+ rC+ rN+ MR+ rMut rCorr}
   (You found it on level 9 of the Dungeon)

   It protects you from fire.
   It protects you from cold.
   It insulates you from electricity.
   It protects you from poison.
   It protects you from negative energy.
   It affects your resistance to hostile enchantments.
   It provides partial protection from all sources of acid and corrosion.
   It protects you from mutation.
 V - a +0 tower shield (worn)
   (You took it off a vault guard on level 13 of the Dungeon)
 W - a +1 pair of gloves (worn)
   (You found it on level 13 of the Dungeon)
Jewellery
 l - a ring of protection from magic (left hand)
   (You found it in an ice cave)
 o - a +5 amulet of reflection (around neck)
   (You took it off a hobgoblin on level 1 of the Dungeon)
 I - a +4 ring of protection (right hand)
   (You found it on level 9 of the Dungeon)
 J - an uncursed ring of positive energy
   (You found it on level 3 of the Dungeon)
Wands
 c - a wand of disintegration (7)
   (You found it on level 2 of the Lair of Beasts)
 d - a wand of iceblast (4)
   (You found it on level 10 of the Dungeon)
 t - a wand of flame (62)
   (You took it off an orc on level 9 of the Dungeon)
 u - a wand of paralysis (37)
   (You found it on level 2 of the Lair of Beasts)
 v - a wand of digging (14)
   (You took it off Sigmund on level 2 of the Dungeon)
 x - a wand of acid (24)
   (You found it on level 6 of the Dungeon)
 D - a wand of enslavement (17)
   (You found it on level 5 of the Dungeon)
 H - a wand of polymorph (1)
   (You found it on level 10 of the Dungeon)
Scrolls
 f - 5 scrolls of teleportation {@r4}
 h - 3 scrolls of enchant armour
 i - 13 scrolls of remove curse {@r2}
 k - a scroll of silence
 s - a scroll of brand weapon
 y - 8 scrolls of identify {@r1}
 L - 2 scrolls of immolation {!r}
 N - 6 scrolls of fog
 O - 5 scrolls of fear
 Q - a scroll of summoning
 R - 6 scrolls of magic mapping
 U - 3 scrolls of enchant weapon
Potions
 g - 9 potions of flight
 j - 12 potions of curing {@q1}
 m - 11 potions of brilliance
 p - 10 potions of heal wounds {@q2}
 q - 9 potions of lignification {!q}
 r - a potion of ambrosia
 w - 4 potions of mutation {!q}
 A - a potion of berserk rage
 B - 2 potions of haste {@q3}
 E - 7 potions of might
 F - 4 potions of stabbing
 M - 2 potions of cancellation
 T - a potion of invisibility
Comestibles
 e - 16 rations {!d}


   Skills:
 * Level 17.5 Fighting
 - Level 18.0 Axes
 * Level 17.4 Armour
 + Level 7.2 Dodging
 * Level 17.6 Shields
 + Level 5.9 Evocations


You had 16 spell levels left.
You didn't know any spells.
Your spell library contained the following spells:

 Spells                   Type           Power        Failure   Level  Hunger
 Corona                   Hex            #......      100%        1    ##.....
 Magic Dart               Conj           #...         100%        1    ##.....
 Summon Small Mammal      Summ           #...         100%        1    ##.....
 Blink                    Tloc           N/A          100%        2    ###....
 Call Imp                 Summ           #.......     100%        2    ###....
 Ensorcelled Hibernation  Hex/Ice        #.....       100%        2    ###....
 Shroud of Golubria       Chrm/Tloc      #.....       100%        2    ###....
 Slow                     Hex            #.......     100%        2    ###....
 Call Canine Familiar     Summ           #.......     100%        3    ####...
 Confusing Touch          Hex            #.......     100%        3    ####...
 Conjure Flame            Conj/Fire      #.......     100%        3    ####...
 Dazzling Flash           Conj/Hex       #.....       100%        3    ####...
 Gell's Gravitas          Tloc           #.........   100%        3    ####...
 Lesser Beckoning         Tloc           #.........   100%        3    ####...
 Mephitic Cloud           Conj/Pois/Air  #.......     100%        3    ####...
 Summon Guardian Golem    Hex/Summ       #.......     100%        3    ####...
 Teleport Other           Tloc           #.......     100%        3    ####...
 Tukima's Dance           Hex            #.......     100%        3    ####...
 Leda's Liquefaction      Hex/Erth       #.........   100%        4    #####..
 Passage of Golubria      Tloc           N/A          100%        4    #####..
 Petrify                  Tmut/Erth      #.......     100%        4    #####..
 Summon Ice Beast         Ice/Summ       #.......     100%        4    #####..
 Summon Lightning Spire   Summ/Air       #.......     100%        4    #####..
 Bolt of Magma            Conj/Fire/Erth #.........   100%        5    ######.
 Metabolic Englaciation   Hex/Ice        #.........   100%        5    ######.
 Yara's Violent Unravell  Hex/Tmut       #.........   100%        5    ######.
 Iron Shot                Conj/Erth      #.........   100%        6    #######
 Statue Form              Tmut/Erth      #........    100%        6    #######
 Shatter                  Erth           #.........   100%        9    #######


Dungeon Overview and Level Annotations

Branches:
Dungeon (15/15)            Temple (0/1) D:5            Lair (6/6) D:8
 Shoals (0/4) Lair:2       Spider (4/4) Lair:3        Slime (0/5) Lair:6
    Orc (2/2) D:12            Elf (0/3) Orc:2        Vaults (0/5) D:13
 Depths (0/5) D:15          Sewer (visited)           IceCv (visited)
Gauntlet (visited)

Altars:
Cheibriados
Dithmenos
Fedhas
Gozag
Makhleb
Sif Muna
Uskayaw
Xom
Yredelemnul
The Shining One
Jiyva

Shops:
D:4 :   D:12 }!   Orc:2 ((([*[:(

Portals:
Trove: D:11 (give +3 gold dragon scales)

Annotations:
D:10 3 runed translucent doors, bmj180's ghost, novice DrCj


Innate Abilities, Weirdness & Mutations

You reflexively headbutt those who attack you in melee.
You have a pair of horns on your head.


Message History

The emperor scorpion claws you! You block the spark wasp's attack.
You hit the emperor scorpion but do no damage.
You hit the spark wasp. You freeze the spark wasp.
You hit the spark wasp but do no damage.
You block the spark wasp's attack.
The emperor scorpion closely misses you.
You block the emperor scorpion's attack.
The emperor scorpion barely misses you.
The spark wasp stings you but does no damage. x2
You hit the emperor scorpion. You freeze the emperor scorpion.
You slash the spark wasp! You freeze the spark wasp.
Your shield prevents you from hitting the spark wasp.
The emperor scorpion stings you!
* * * LOW HITPOINT WARNING * * *
The emperor scorpion claws you but does no damage.
You block the emperor scorpion's attack.
The spark wasp stings you.
* * * LOW HITPOINT WARNING * * *
The spark wasp shocks you. You resist.
* * * LOW HITPOINT WARNING * * *
You block the spark wasp's attack.
You slice the emperor scorpion!! You freeze the emperor scorpion!
You headbutt the emperor scorpion, but do no damage.
You hit the spark wasp. You freeze the spark wasp.
Your plate armour prevents you from hitting the spark wasp. x2
The emperor scorpion stings you!!
* * * LOW HITPOINT WARNING * * *
You block the emperor scorpion's attack. x2
You block the spark wasp's attack. x2
The spark wasp stings you but does no damage.
Unknown command.
As you read the scroll of teleportation {@r4}, it crumbles to dust.
You feel strangely unstable.
You block the emperor scorpion's attack. x3
The spark wasp stings you!
* * * LOW HITPOINT WARNING * * *
The spark wasp shocks you. You resist.
* * * LOW HITPOINT WARNING * * *
The hornet rages.
The spark wasp stings you but does no damage.
The spark wasp stings you.
* * * LOW HITPOINT WARNING * * *
The spark wasp shocks you. You resist.
* * * LOW HITPOINT WARNING * * *
The emperor scorpion stings you!
* * * LOW HITPOINT WARNING * * *
You block the emperor scorpion's attack.
The emperor scorpion barely misses you. The spark wasp stings you!
You die...
Your body crumbles into a pile of gold.

###..^.#### #^...≈# #
##...^# ##...≈## #
##≈≈.≈## ###...#
###.##≈..##+# ##..#
'...##...##.y #..^#
'...≈≈...##.{.
#.^.### '.^....≈##
.{.#####..≈#
###≈....## #yyy##...#
# ##.....# #ys@y...≈#
#
##≈..≈##.ys##≈.≈..##
# ###^.##.y ####..#
##...##. ##.##
###≈..### ##..#
##.^..^##### ###...#
##≈...###...###....≈#
#.....##.≈≈^##≈....##
#....###.≈≈##.....≈≈#


You could see 2 emperor scorpions, 3 spark wasps, a moth of wrath and 2 hornets.

Vanquished Creatures
  Louise (D:14)
  4 emperor scorpions
  2 ghost moths
  A stone giant (Orc:2)
  2 entropy weavers
  A minotaur (Gauntlet)
  3 spark wasps
  Snorg (D:10)
  4 ettins
  A yaktaur captain (D:15)
  2 ice dragons (IceCv)
  Josephine (D:10)
  4 vault guards (D:13)
  8 hydras
  A catoblepas (D:14)
  2 centaur warriors (D:15)
  2 two-headed ogres
  A queen ant (Spider:2)
  An orc high priest (D:12)
  A death knight (D:15)
  A skeletal warrior (D:15)
  A fire crab (Lair:5)
  A wizard (D:15)
  4 unseen horrors
  2 wolf spider zombies (D:14)
  12 ugly things
  10 orb spiders
  A phantasmal warrior (D:15)
  2 deep elf magi (D:9)
  2 oklob plants (Gauntlet)
  4 orc knights
  4 orc sorcerers
  24 wolf spiders
  A worldbinder (Gauntlet)
  A manticore (D:11)
  6 cyclopes (Orc:2)
  A centaur zombie (D:10)
  A merfolk siren (Lair:2)
  19 elephants
  Maurice (D:8)
  3 moths of wrath
  2 black mambas
  4 centaur skeletons
  2 ice statues (IceCv)
  A smoke demon (Gauntlet)
  Psyche (D:8)
  2 torpor snails
  3 gargoyles
  3 rime drakes
  27 spiny frogs
  A yaktaur (D:15)
  2 efreet (D:15)
  9 demonic crawlers
  12 komodo dragons
  A tengu conjurer (D:13)
  2 ice devils (Lair:3)
  43 jumping spiders
  6 trolls
  6 polar bears (Lair:2)
  4 tyrant leeches (Lair:6)
  Prince Ribbit (D:7)
  19 blink frogs
  11 slime creatures
  A harpy skeleton (D:14)
  5 hornets
  9 hippogriffs
  85 redbacks
  13 dream sheep
  A centaur simulacrum (D:14)
  A shadow (D:13)
  Sigmund (D:2)
  7 wyverns
  43 yaks
  36 tarantellas
  6 wraiths
  3 basilisks
  12 vampire mosquitoes
  3 hungry ghosts
  Menkaure (D:5)
  5 acid dragons
  A warg (Orc:1)
  10 water moccasins
  A soldier ant (D:11)
  9 porcupines
  19 ice beasts
  A swamp drake (D:9)
  5 sky beasts
  22 orc warriors
  9 black bears (Lair:2)
  A boggart (Gauntlet)
  10 wolves
  9 ogres
  7 centaurs
  5 big kobolds
  8 crocodiles
  30 bullfrogs
  Blork the orc (D:6)
  2 wyvern zombies
  3 scorpions
  22 killer bees
  An electric eel (Lair:6)
  8 crimson imps
  A quasit (D:11)
  9 hounds
  13 orc priests
  An iron imp (D:9)
  5 bullfrog skeletons
  Ijyb (D:5)
  4 iguanas
  24 orc wizards
  10 worker ants
  A hound skeleton (D:9)
  A howler monkey zombie (D:10)
  14 gnolls
  10 adders
  9 river rats
  5 shadow imps
  A white imp (D:9)
  3 oozes
  An adder zombie (D:5)
  An adder skeleton (D:4)
  4 worms
  A dart slug (D:1)
  5 leopard geckos
  85 orcs
  7 ball pythons
  5 bats (D:2)
  7 giant cockroaches
  5 goblins
  9 hobgoblins
  12 jackals
  4 quokkas
  8 frilled lizards
  A jackal zombie (D:5)
  43 kobolds
  A leopard gecko skeleton (D:9)
  A quokka skeleton (D:4)
  37 rats
  6 fungi
  2 plants
1079 creatures vanquished.

Vanquished Creatures (others)
  A ghost moth (Spider:4)
  2 centaur warriors
  Sonja (Lair:1)
  A deep elf archer (D:13)
  2 cyclopes (Orc:2)
  A kobold demonologist (D:11)
  2 centaurs
  2 orcs
  27 fungi
  42 plants
81 creatures vanquished.

Grand Total: 1160 creatures vanquished

Notes
Turn   | Place    | Note
-------+----------+-------------------------------------------
     0 | D:1      | DavidChitty2 the Minotaur Fighter began the quest for the
                  | Orb.
     0 | D:1      | Reached XP level 1. HP: 19/19 MP: 0/0
   103 | D:1      | Reached XP level 2. HP: 25/27 MP: 1/1
   348 | D:1      | Reached skill level 3 in Axes
   733 | D:2      | Reached XP level 3. HP: 33/33 MP: 2/2
   864 | D:2      | Reached XP level 4. HP: 30/40 MP: 3/3
   946 | D:2      | Reached skill level 4 in Axes
  1154 | D:2      | Found a glowing golden altar of the Shining One.
  1172 | D:2      | Noticed Sigmund
  1188 | D:2      | Killed Sigmund
  1188 | D:2      | Reached skill level 5 in Axes
  1188 | D:2      | Reached XP level 5. HP: 26/47 MP: 4/4
  1355 | D:2      | Reached XP level 6. HP: 55/55 MP: 5/5
  1760 | D:3      | Noticed an ice beast
  1771 | D:3      | Killed an ice beast
  1771 | D:3      | Reached skill level 5 in Fighting
  1771 | D:3      | Reached skill level 5 in Armour
  1771 | D:3      | Reached skill level 5 in Shields
  2094 | D:3      | Found an opulent altar of Gozag.
  2310 | D:4      | Found a snail-covered altar of Cheibriados.
  2419 | D:3      | Became a worshipper of Gozag Ym Sagoz the Greedy
  2520 | D:4      | Reached skill level 6 in Axes
  2571 | D:4      | Found a burning altar of Makhleb.
  2646 | D:4      | Reached XP level 7. HP: 55/61 MP: 6/6
  2827 | D:4      | Found Ucei's Book Boutique.
  3006 | D:5      | Entered Level 5 of the Dungeon
  3089 | D:5      | Reached skill level 7 in Axes
  3204 | D:5      | Noticed Ijyb
  3224 | D:5      | Killed Ijyb
  3233 | D:5      | Reached XP level 8. HP: 44/70 MP: 7/7
  3417 | D:5      | Found a staircase to the Ecumenical Temple.
  3481 | D:5      | Reached skill level 8 in Axes
  3961 | D:5      | Noticed Menkaure
  3968 | D:5      | Killed Menkaure
  4068 | D:6      | Noticed Blork the orc
  4071 | D:6      | Killed Blork the orc
  4106 | D:6      | Reached skill level 9 in Axes
  4185 | D:6      | Found a glowing drain.
  4202 | Sewer    | Entered a sewer
  4489 | Sewer    | Reached XP level 9. HP: 77/79 MP: 8/8
  4584 | Sewer    | Got an encrusted ring mail
  4768 | D:6      | Identified the +7 ring mail of Violunehae {Int+3} (You
                  | found it in a sewer)
  5510 | D:7      | Noticed Prince Ribbit
  5606 | D:7      | Killed Prince Ribbit
  5606 | D:7      | Reached skill level 10 in Axes
  5683 | D:7      | Found a glowing golden altar of the Shining One.
  6639 | D:8      | Found a staircase to the Lair.
  6689 | D:8      | Reached skill level 11 in Axes
  6717 | D:8      | Noticed Maurice
  6811 | D:8      | Killed Maurice
  6811 | D:8      | Reached XP level 10. HP: 89/90 MP: 9/9
  6871 | D:8      | Noticed Psyche
  6884 | D:8      | Killed Psyche
  6919 | D:8      | Found a shadowy altar of Dithmenos.
  6919 | D:8      | Found a basalt altar of Yredelemnul.
  7409 | D:9      | Found a shimmering altar of Xom.
  7506 | D:9      | Reached skill level 12 in Axes
  7709 | D:9      | Noticed a deep elf mage
  7710 | D:9      | Found the -2 hat of the Alchemist {rElec rPois rF+ rC+ rN+
                  | MR+ rMut rCorr}
  7724 | D:9      | Killed a deep elf mage
  7774 | D:9      | Noticed a deep elf mage
  7784 | D:9      | Killed a deep elf mage
  8213 | D:10     | Entered Level 10 of the Dungeon
  8241 | D:10     | Found a hide-covered altar of Uskayaw.
  8255 | D:10     | Noticed Snorg
  8266 | D:10     | Killed Snorg
  8266 | D:10     | Reached XP level 11. HP: 78/99 MP: 10/10
  8405 | D:10     | Noticed Josephine
  8417 | D:10     | Reached skill level 10 in Fighting
  8417 | D:10     | Reached skill level 10 in Armour
  8417 | D:10     | Reached skill level 10 in Shields
  8418 | D:10     | Killed Josephine
  8418 | D:10     | Reached skill level 13 in Axes
  8528 | D:10     | Found a runed translucent gate.
  8528 | D:10     | Found a runed translucent gate.
  8529 | D:10     | Found a runed translucent gate.
  8555 | D:10     | Noticed bmj180's ghost (novice DrCj)
  8765 | D:11     | Found a portal to a secret trove of treasure.
  8852 | D:11     | Noticed a green ugly thing
  8878 | D:11     | Killed a green ugly thing
  9017 | Lair:1   | Entered Level 1 of the Lair of Beasts
  9017 | Lair:1   | Noticed Sonja
  9019 | Lair:1   | Killed Sonja
  9090 | Lair:1   | Reached skill level 14 in Axes
  9840 | Lair:1   | Reached XP level 12. HP: 89/110 MP: 11/11
 10465 | Lair:2   | Found a staircase to the Shoals.
 10684 | Lair:2   | Reached skill level 15 in Axes
 11100 | Lair:2   | You fall into a shaft and drop 1 floor!
 11167 | Lair:3   | Found a frozen archway.
 11196 | IceCv    | Entered an ice cave
 11531 | IceCv    | Reached skill level 16 in Axes
 11578 | IceCv    | Reached XP level 13. HP: 118/118 MP: 12/12
 12175 | Lair:3   | Found a hole to the Spider Nest.
 13240 | Lair:4   | Reached skill level 17 in Axes
 14545 | Lair:5   | Found a gate leading to a gauntlet.
 14562 | Gauntlet | Entered a Gauntlet
 14562 | Gauntlet | Found a transporter.
 14562 | Gauntlet | Found a transporter.
 14562 | Gauntlet | Found a transporter.
 14563 | Gauntlet | Found a transporter.
 14567 | Gauntlet | Found a transporter.
 14580 | Gauntlet | Found a transporter.
 14644 | Gauntlet | Found a transporter.
 14654 | Gauntlet | Found a transporter.
 14667 | Gauntlet | Found a transporter.
 14677 | Gauntlet | Found a transporter.
 14692 | Gauntlet | Found a transporter.
 14698 | Gauntlet | Found a transporter.
 14820 | Gauntlet | Noticed an ironheart preserver
 14820 | Gauntlet | Noticed an ironheart preserver
 14820 | Gauntlet | Noticed an ironheart preserver
 14831 | Gauntlet | Noticed an ironheart preserver
 15098 | Gauntlet | Noticed a minotaur
 15128 | Gauntlet | Killed a minotaur
 15585 | Lair:5   | Reached XP level 14. HP: 129/129 MP: 13/13
 16066 | Lair:6   | Entered Level 6 of the Lair of Beasts
 16523 | Lair:6   | Found a staircase to the Slime Pits.
 16523 | Lair:6   | Found a viscous altar of Jiyva.
 16541 | Lair:6   | Reached skill level 18 in Axes
 17423 | Lair:6   | Got a jewelled quarterstaff
 17431 | Lair:6   | Got a smoking lead amulet
 17432 | Lair:6   | Identified the amulet "Mapaor" {Harm *Drain Dex+2} (You
                  | found it on level 6 of the Lair of Beasts)
 18837 | D:12     | Found Xeoxif's Gadget Emporium.
 18854 | D:12     | Bought a wand of acid (9) for 364 gold pieces
 18930 | D:12     | Found Ysuh's Food Shoppe.
 18962 | D:12     | Bought a ration for 60 gold pieces
 18962 | D:12     | Bought a ration for 60 gold pieces
 18962 | D:12     | Bought a ration for 60 gold pieces
 18962 | D:12     | Bought a ration for 60 gold pieces
 18962 | D:12     | Bought a ration for 60 gold pieces
 19108 | D:12     | Reached skill level 15 in Shields
 19198 | D:12     | Found Doutoj's Distillery.
 19298 | D:12     | Got a fine rapier
 19378 | D:12     | Found a staircase to the Orcish Mines.
 19627 | D:13     | Found a blossoming altar of Fedhas.
 19713 | D:13     | Reached skill level 1 in Dodging
 19751 | D:13     | Reached skill level 1 in Evocations
 19763 | D:13     | Reached XP level 15. HP: 119/139 MP: 14/14
 19866 | D:13     | Found a gate to the Vaults.
 19908 | D:13     | Reached skill level 15 in Fighting
 20697 | D:14     | Noticed Louise
 20722 | D:14     | Killed Louise
 20722 | D:14     | Reached skill level 15 in Armour
 20962 | D:14     | Found a shimmering blue altar of Sif Muna.
 21205 | D:15     | Entered Level 15 of the Dungeon
 21396 | D:15     | Found a staircase to the Depths.
 22322 | Orc:1    | Entered Level 1 of the Orcish Mines
 22862 | Orc:2    | Entered Level 2 of the Orcish Mines
 22885 | Orc:2    | Found Ganobu's Book Shop.
 23275 | Orc:2    | Found Xihu's General Store.
 23538 | Orc:2    | Found Raicog's Antique Weapon Boutique.
 23569 | Orc:2    | Reached XP level 16. HP: 81/151 MP: 17/17
 23910 | Orc:2    | Found a staircase to the Elven Halls.
 24037 | Orc:2    | Found Qamapp's Antique Armour Shop.
 24214 | Orc:2    | Bought a pair of embroidered gloves for 210 gold pieces
 24262 | Orc:2    | Bought the +5 hand axe of the Countless Shrikes {flame, rF+
                  | rN+} for 583 gold pieces
 24271 | Orc:2    | Bought steaming fire dragon scales for 2080 gold pieces
 24271 | Orc:2    | Identified the cursed +0 fire dragon scales of Wrong
                  | Decisions {rElec rF++ rC- rN+ Regen+ Dex+4} (You bought it
                  | in a shop on level 2 of the Orcish Mines)
 24557 | Spider:1 | Entered Level 1 of the Spider Nest
 24617 | Spider:1 | Reached skill level 5 in Dodging
 26538 | Spider:3 | Reached skill level 5 in Evocations
 27491 | Spider:4 | Entered Level 4 of the Spider Nest
 27513 | Spider:4 | Reached XP level 17. HP: 140/161 MP: 20/20
 28457 | Spider:4 | HP: 2/162 [emperor scorpion (15)]
 28457 | Spider:4 | Mangled by a spark wasp

Levels and vault maps discovered:
D:1:      ebering_hopf_link, layout_rooms, hangedman_decor_points,
          dk_noncrumbling_3, minmay_rat_gold_closets
D:2:      layout_loops_ring, grunt_ministairs_6, tso_metal_star, uniq_sigmund
D:3:      layout_rooms, nicolae_gozag_seed_capital
D:4:      layout_loops_ring, lemuel_coloured_pillars_altar, kennysheep_mini,
          serial_shops, shop
D:5:      layout_loops_ring, temple_statues, first_ration, minmay_starry_boxes,
          uniq_menkaure, uniq_ijyb
D:6:      layout_basic, portal_sewer_entry_e, minmay_stone_trees_small,
          uniq_blork_the_orc
D:7:      layout_gridville, lemuel_crystal_altar, uniq_prince_ribbit1
D:8:      layout_basic, gammafunk_temple_overflow_pools,
          grunt_lair_entry_orc_guard_hut, uniq_maurice, uniq_psyche
D:9:      layout_basic, basic_altar, hangedman_minor_magic
D:10:     layout_gridville, basic_altar, gammafunk_ghost_icy, uniq_josephine,
          uniq_snorg
D:11:     layout_long_grid, enter_trove_1
D:12:     layout_basic, orc_0_dummy, serial_shops, shop, shop,
          nicolae_shop_waterfront, grunt_pizzeria
D:13:     layout_long_grid, grunt_vaults_entry_fortified, fedhas_altar_4
D:14:     layout_loops_cross, serial_rivers, chequers_serial_rivers_large_a,
          chequers_serial_rivers_micro_a, chequers_serial_rivers_micro_c,
          chequers_serial_rivers_room_b, chequers_serial_rivers_small_3,
          tgw_sif, minmay_orc_keep, uniq_louise
D:15:     grunt_enter_depths_snipers, layout_basic
Lair:1:   layout_long_grid, grunt_megastairs_2, uniq_sonja
Lair:2:   beast_lair_carwin_large_4, layout_chaotic_city,
          minmay_shoals_entry_lonely_mermaid
Lair:3:   layout_long_grid, spider_nest_entry_funnel_web,
          portal_ice_cave_demonic_guard, serial_bayou_shore_b
Lair:4:   layout_cave_pods, beast_lair_carwin_1, infiniplex_staircase_pool,
          grunt_megastairs_4
Lair:5:   layout_gridlike, gauntlet_entry_generic, serial_bayou_pond_a,
          small_statue_intersection, st_stairs_3, beast_lair_carwin_4
Lair:6:   minmay_lair_end_frog_pond, layout_regular_city, slime_altar_1,
          st_stairs_11
Spider:1: layout_spider_delve
Spider:2: layout_spider_delve, nicolae_spider_shape
Spider:3: layout_spider_delve
Spider:4: spider_rune_water, spiders_nest_ghost_moth_duel
Orc:1:    layout_diamond_mine
Orc:2:    grunt_orc_gardens, layout_diamond_mine, grunt_orc_garden,
          grunt_orc_garden, grunt_orc_garden, grunt_orc_garden

Skill      XL: |  1  2  3  4  5  6  7  8  9 10 11 12 13 14 15 16 17 |
---------------+----------------------------------------------------+-----
Axes           | 3 5 6 7 9 11 12 14 16 17 18 | 18.0
Fighting       | 4 5 6 7 8 9 11 12 13 14 16 17 | 17.5
Armour         | 4 5 6 7 8 9 11 12 13 14 15 17 | 17.4
Shields        | 4 5 6 7 8 9 11 12 13 15 16 17 | 17.6
Dodging        | 1 4 6 7 |  7.2
Evocations     | 1 3 5 |  5.9

Action                   |  1- 3 |  4- 6 |  7- 9 | 10-12 | 13-15 | 16-18 || total
-------------------------+-------+-------+-------+-------+-------+-------++-------
Melee: War axe           |    98 |   138 |   510 |   651 |  1363 |   718 ||  3478
       Headbutt          |    17 |    27 |    74 |   148 |   305 |   174 ||   745
       Unarmed           |       |       |     6 |       |       |       ||     6
       Whip              |       |       |       |       |    83 |       ||    83
Throw: Dart              |     9 |     8 |     8 |       |       |       ||    25
Invok: Potion Petition   |       |       |       |     2 |     2 |     1 ||     5
       Call Merchant     |       |       |       |       |       |     4 ||     4
Evoke: Wand              |       |       |     7 |     6 |    18 |    24 ||    55
  Use: Scroll            |       |    14 |     9 |     8 |    10 |     4 ||    45
       Potion            |       |       |     1 |       |     1 |     3 ||     5
 Stab: Distracted        |       |       |     1 |     4 |    11 |    11 ||    27
       Sleeping          |       |       |       |    38 |    18 |    22 ||    78
       Invisible         |       |       |       |     6 |     4 |    10 ||    20
  Eat: Chunk             |       |     6 |       |       |       |       ||     6
       Ration            |       |       |     5 |     5 |    12 |     4 ||    26
Armor: Scale mail        |    55 |    39 |       |       |       |       ||    94
       Plate armour      |       |     2 |   162 |   252 |   427 |   388 ||  1231
       Skin              |       |       |     2 |       |       |       ||     2
Dodge: Dodged            |    31 |    21 |    65 |   120 |   194 |   162 ||   593
Block: Kite shield       |    56 |    82 |   354 |   520 |   690 |       ||  1702
       Reflection        |       |       |    18 |    18 |    42 |     2 ||    80
       Tower shield      |       |       |       |       |   387 |  1039 ||  1426

Table legend:
 A = Non-vault XP
 B = Vault XP
 C = Vault XP percentage of total XP
 D = Non-vault monster count
 E = Vault monster count
 F = Vault count percentage of total count
                 A         B        C        D         E       F
            +---------+---------+-------+---------+---------+-------
      Total |  163265 |   76214 |  31.8 |     782 |     299 |  27.7
            +---------+---------+-------+---------+---------+-------
        D:1 |      32 |       7 |  17.9 |      18 |       7 |  28.0
        D:2 |     146 |     230 |  61.2 |      37 |       3 |   7.5
        D:3 |     169 |       0 |   0.0 |      14 |       0 |   0.0
        D:4 |     257 |       0 |   0.0 |      20 |       0 |   0.0
        D:5 |     842 |     574 |  40.5 |      26 |       9 |  25.7
        D:6 |     828 |     131 |  13.7 |      11 |       9 |  45.0
        D:7 |     358 |     274 |  43.4 |      23 |       1 |   4.2
        D:8 |    1957 |    1473 |  42.9 |      31 |       7 |  18.4
        D:9 |    1235 |    1456 |  54.1 |      23 |      15 |  39.5
       D:10 |    1547 |    3160 |  67.1 |      16 |       7 |  30.4
       D:11 |    5547 |       0 |   0.0 |      61 |       0 |   0.0
       D:12 |    7562 |     137 |   1.8 |      22 |       1 |   4.3
       D:13 |    3541 |    6619 |  65.1 |      15 |      10 |  40.0
       D:14 |   11779 |    3110 |  20.9 |      33 |      10 |  23.3
       D:15 |   11229 |    2293 |  17.0 |      32 |       3 |   8.6
     Lair:1 |    4241 |    1566 |  27.0 |      21 |       7 |  25.0
     Lair:2 |    7935 |    3401 |  30.0 |      25 |      16 |  39.0
     Lair:3 |    6548 |     967 |  12.9 |      32 |       3 |   8.6
     Lair:4 |    6744 |    2784 |  29.2 |      22 |       7 |  24.1
     Lair:5 |    4706 |    2624 |  35.8 |      10 |       7 |  41.2
     Lair:6 |    8279 |   14091 |  63.0 |      31 |      53 |  63.1
   Spider:1 |   16142 |       0 |   0.0 |      44 |       0 |   0.0
   Spider:2 |   13998 |    3630 |  20.6 |      42 |       8 |  16.0
   Spider:3 |   19321 |       0 |   0.0 |      54 |       0 |   0.0
   Spider:4 |   21549 |    9003 |  29.5 |      55 |      25 |  31.2
      Orc:1 |    2568 |       0 |   0.0 |      32 |       0 |   0.0
      Orc:2 |    4205 |    9079 |  68.3 |      32 |      12 |  27.3
      Sewer |       0 |     143 | 100.0 |       0 |      48 | 100.0
      IceCv |       0 |    5450 | 100.0 |       0 |      20 | 100.0
   Gauntlet |       0 |    4012 | 100.0 |       0 |      11 | 100.0
            +---------+---------+-------+---------+---------+-------
